TOP OF THE 1ST |
Chesapeake Continentals batting - Pitching for Minnesota Loons : LHP Steve Tedder
|
Pitching: LHP Steve Tedder
|
|
Batting: RHB Phil Oostermeer
|
0-0: Foul Ball, location: 2F 0-1: Swinging Strike 0-2: Foul Ball, location: 2F 0-2: Ball 1-2: Fly out, F4 (Flyball, 34D)
|
Batting: RHB Mark Sawyer
|
0-0: Called Strike 0-1: Foul Ball, location: 2F 0-2: Strikes out swinging
|
Batting: RHB Santiago Valentín
|
0-0: Ball 1-0: Ball 2-0: SINGLE (Line Drive, 4MD)
|
Batting: LHB Raphaël Duval
|
0-0: Swinging Strike 0-1: Foul Ball, location: 2F 0-2: 2-RUN HOME RUN (Flyball, 9LD), Distance : 337 ft
|
Batting: RHB Manuel Ángel
|
0-0: Ball 1-0: Ground out 5-3 (Groundball, 56)
|
Top of the 1st over - 2 runs, 2 hits, 0 errors, 0 left on base; Chesapeake 2 - Minnesota 0 |
BOTTOM OF THE 1ST |
Minnesota Loons batting - Pitching for Chesapeake Continentals : RHP Kyung-nam Kim
|
Pitching: RHP Kyung-nam Kim
|
|
Batting: RHB Héctor Espiga
|
0-0: Ball 1-0: Called Strike 1-1: Ball 2-1: Ball 3-1: Foul Ball, location: 2F 3-2: Base on Balls
|
Batting: RHB Augusto Manuel
|
0-0: Ball 1-0: Grounds into double play, 4-6-3 (Groundball, 4)
|
Batting: RHB Jimmy Fick
|
0-0: Swinging Strike 0-1: Ball 1-1: Ball 2-1: Foul Ball, location: 2F 2-2: Foul Ball, location: 2F 2-2: Ground out U3 (Groundball, 34)
|
Bottom of the 1st over - 0 runs, 0 hits, 0 errors, 0 left on base; Chesapeake 2 - Minnesota 0 |
TOP OF THE 2ND |
Chesapeake Continentals batting - Pitching for Minnesota Loons : LHP Steve Tedder
|
Batting: RHB Jim MacRach
|
0-0: Ball 1-0: Fly out, F6 (Line Drive, 56)
|
Batting: RHB Júlio Costa
|
0-0: Ball 1-0: SINGLE (Line Drive, 4M)
|
Batting: RHB Shou-chien Luo
|
0-0: Ball 1-0: Ball 2-0: Called Strike 2-1: Fly out, F8 (Flyball, 8LM)
|
Batting: RHB Yohann Serres
|
0-0: 2-RUN HOME RUN (Flyball, 9D), Distance : 374 ft
|
Batting: RHB Phil Oostermeer
|
0-0: Ball 1-0: Called Strike 1-1: Foul Ball, location: 2F 1-2: Foul Ball, location: 2F 1-2: Ground out 4-3 (Groundball, 4S)
|
Top of the 2nd over - 2 runs, 2 hits, 0 errors, 0 left on base; Chesapeake 4 - Minnesota 0 |
BOTTOM OF THE 2ND |
Minnesota Loons batting - Pitching for Chesapeake Continentals : RHP Kyung-nam Kim
|
Batting: LHB Rim Hong-Do
|
0-0: Ball 1-0: Fly out, F8 (Line Drive, 8LM)
|
Batting: RHB Ramón Yniguez
|
0-0: Ball 1-0: Ball 2-0: Ball 3-0: Called Strike 3-1: SINGLE (Groundball, 2R) (infield hit)
|
Batting: LHB Atro Jarvilehto
|
0-0: Ball 1-0: Ball 2-0: Ball 3-0: Base on Balls Ramón Yniguez to second
|
Batting: RHB Dave Sosa
|
0-0: Foul Ball, location: 2F 0-1: Ball 1-1: Ball 2-1: Called Strike 2-2: Ball 3-2: Foul Ball, location: 2F 3-2: Strikes out looking
|
Batting: RHB Tabor Muzquiz
|
0-0: Ground out U3 (Groundball, 3)
|
Bottom of the 2nd over - 0 runs, 1 hit, 0 errors, 2 left on base; Chesapeake 4 - Minnesota 0 |
TOP OF THE 3RD |
Chesapeake Continentals batting - Pitching for Minnesota Loons : LHP Steve Tedder
|
Batting: RHB Mark Sawyer
|
0-0: Swinging Strike 0-1: Swinging Strike 0-2: Ball 1-2: SINGLE (Flyball, 9S)
|
Batting: RHB Santiago Valentín
|
0-0: Foul Ball, location: 2F 0-1: Swinging Strike 0-2: Ball 1-2: Ball 2-2: Ground out U3 (Groundball, 3) Mark Sawyer to second
|
Batting: LHB Raphaël Duval
|
0-0: Foul Ball, location: 2F 0-1: Ball 1-1: Ground out U3 (Groundball, 3) Mark Sawyer to third
|
Batting: RHB Manuel Ángel
|
0-0: Ball 1-0: Ground out 5-3 (Groundball, 5L)
|
Top of the 3rd over - 0 runs, 1 hit, 0 errors, 1 left on base; Chesapeake 4 - Minnesota 0 |
BOTTOM OF THE 3RD |
Minnesota Loons batting - Pitching for Chesapeake Continentals : RHP Kyung-nam Kim
|
Batting: SHB Raúl Mateo
|
0-0: Ball 1-0: TRIPLE (Flyball, 9LD)
|
Batting: RHB Héctor Espiga
|
0-0: Ball 1-0: Called Strike 1-1: Ball 2-1: Ball 3-1: Foul Ball, location: 2F 3-2: Foul Ball, location: 2F 3-2: Strikes out swinging
|
Batting: RHB Augusto Manuel
|
0-0: Called Strike 0-1: Fly out, F7 (Flyball, 78M) Runner from 3rd tags up, SCORES, throw made
|
Batting: RHB Jimmy Fick
|
0-0: Ball 1-0: Ball 2-0: Ground out 5-3 (Groundball, 5L)
|
Bottom of the 3rd over - 1 run, 1 hit, 0 errors, 0 left on base; Chesapeake 4 - Minnesota 1 |
TOP OF THE 4TH |
Chesapeake Continentals batting - Pitching for Minnesota Loons : LHP Steve Tedder
|
Batting: RHB Jim MacRach
|
0-0: Called Strike 0-1: Fly out, F8 (Flyball, 8RD)
|
Batting: RHB Júlio Costa
|
0-0: Foul Ball, location: 2F 0-1: Foul Ball, location: 2F 0-2: Ball 1-2: Ball 2-2: Ball 3-2: Fly out, F3 (Popup, 3SF)
|
Batting: RHB Shou-chien Luo
|
0-0: Called Strike 0-1: Ball 1-1: Foul Ball, location: 2F 1-2: Ball 2-2: Foul Ball, location: 2F 2-2: Strikes out swinging
|
Top of the 4th over - 0 runs, 0 hits, 0 errors, 0 left on base; Chesapeake 4 - Minnesota 1 |
BOTTOM OF THE 4TH |
Minnesota Loons batting - Pitching for Chesapeake Continentals : RHP Kyung-nam Kim
|
Batting: LHB Rim Hong-Do
|
0-0: Fly out, F8 (Flyball, 8LXD)
|
Batting: RHB Ramón Yniguez
|
0-0: Ball 1-0: Ball 2-0: Called Strike 2-1: Foul Ball, location: 2F 2-2: Fly out, F6 (Line Drive, 6)
|
Batting: LHB Atro Jarvilehto
|
0-0: Fly out, F7 (Line Drive, 78D)
|
Bottom of the 4th over - 0 runs, 0 hits, 0 errors, 0 left on base; Chesapeake 4 - Minnesota 1 |
TOP OF THE 5TH |
Chesapeake Continentals batting - Pitching for Minnesota Loons : LHP Steve Tedder
|
Batting: RHB Yohann Serres
|
0-0: Ball 1-0: Called Strike 1-1: Called Strike 1-2: Fly out, F2 (Popup, 23F)
|
Batting: RHB Phil Oostermeer
|
0-0: Called Strike 0-1: Ball 1-1: Ball 2-1: Ball 3-1: Foul Ball, location: 2F 3-2: Strikes out swinging
|
Batting: RHB Mark Sawyer
|
0-0: Foul Ball, location: 2F 0-1: Ball 1-1: Ground out U3 (Groundball, 3)
|
Top of the 5th over - 0 runs, 0 hits, 0 errors, 0 left on base; Chesapeake 4 - Minnesota 1 |
BOTTOM OF THE 5TH |
Minnesota Loons batting - Pitching for Chesapeake Continentals : RHP Kyung-nam Kim
|
Batting: RHB Dave Sosa
|
0-0: Called Strike 0-1: Ball 1-1: Ball 2-1: Ball 3-1: Called Strike 3-2: SINGLE (Line Drive, 4D)
|
Batting: RHB Tabor Muzquiz
|
0-0: Sac Bunt - play at second, runner OUT! 5-6
|
Batting: SHB Raúl Mateo
|
0-0: Ball 1-0: Swinging Strike 1-1: Swinging Strike 1-2: Grounds into double play, U3-6 (Groundball, 3L)
|
Bottom of the 5th over - 0 runs, 1 hit, 0 errors, 0 left on base; Chesapeake 4 - Minnesota 1 |
TOP OF THE 6TH |
Chesapeake Continentals batting - Pitching for Minnesota Loons : LHP Steve Tedder
|
Batting: RHB Santiago Valentín
|
0-0: Ball 1-0: Ball 2-0: Swinging Strike 2-1: Foul Ball, location: 2F 2-2: Foul Ball, location: 2F 2-2: Fly out, F8 (Flyball, 8RS)
|
Batting: LHB Raphaël Duval
|
0-0: Fly out, F7 (Flyball, 7S)
|
Batting: RHB Manuel Ángel
|
0-0: Called Strike 0-1: Ball 1-1: Ball 2-1: SINGLE (Line Drive, 4D)
|
Batting: RHB Jim MacRach
|
0-0: Ball 1-0: Called Strike 1-1: Ground out 5-3 (Groundball, 56S)
|
Top of the 6th over - 0 runs, 1 hit, 0 errors, 1 left on base; Chesapeake 4 - Minnesota 1 |
BOTTOM OF THE 6TH |
Minnesota Loons batting - Pitching for Chesapeake Continentals : RHP Kyung-nam Kim
|
Batting: RHB Héctor Espiga
|
0-0: Called Strike 0-1: Ball 1-1: DOUBLE (Line Drive, 9LM)
|
Batting: RHB Augusto Manuel
|
0-0: Called Strike 0-1: Ball 1-1: Called Strike 1-2: Ball 2-2: Ball 3-2: Base on Balls
|
Batting: RHB Jimmy Fick
|
0-0: Fly out, F7 (Flyball, 7D) Runner from 2nd tags up, SAFE at 3rd, no throw
|
Batting: LHB Rim Hong-Do
|
0-0: Called Strike 0-1: Ball Passed Ball! Héctor Espiga scores Augusto Manuel to second 1-1: SINGLE (Groundball, 56D) Augusto Manuel to third Runner from 3rd tries for Home, SAFE, throw made home
|
Batting: RHB Ramón Yniguez
|
0-0: Foul Ball, location: 2F 0-1: Swinging Strike 0-2: Ball 1-2: Strikes out swinging
|
Batting: LHB Atro Jarvilehto
|
0-0: SINGLE (Line Drive, 34D) Rim Hong-Do to second Runner from 2nd tries for 3rd, OUT!
|
Bottom of the 6th over - 2 runs, 3 hits, 0 errors, 1 left on base; Chesapeake 4 - Minnesota 3 |
TOP OF THE 7TH |
Chesapeake Continentals batting - Pitching for Minnesota Loons : LHP Steve Tedder
|
Batting: RHB Júlio Costa
|
0-0: Called Strike 0-1: Fly out, F9 (Flyball, 9S)
|
Batting: RHB Shou-chien Luo
|
0-0: Fly out, F7 (Flyball, 7)
|
Batting: RHB Yohann Serres
|
0-0: Ball 1-0: Fly out, F7 (Flyball, 7S)
|
Top of the 7th over - 0 runs, 0 hits, 0 errors, 0 left on base; Chesapeake 4 - Minnesota 3 |
BOTTOM OF THE 7TH |
Minnesota Loons batting - Pitching for Chesapeake Continentals : RHP Kyung-nam Kim
|
Batting: RHB Dave Sosa
|
0-0: Called Strike 0-1: Ground out 5-3 (Groundball, 56)
|
Batting: RHB Tabor Muzquiz
|
0-0: Ball 1-0: Ball 2-0: Called Strike 2-1: Swinging Strike 2-2: Ground out 4-3 (Groundball, 4)
|
Batting: SHB Raúl Mateo
|
0-0: Called Strike 0-1: Ball 1-1: Ball 2-1: Foul Ball, location: 2F 2-2: SINGLE (Line Drive, 4MD)
|
Pinch Hitting: LHB Xuan-ling Chen
|
0-0: Called Strike 0-1: Ball 1-1: Called Strike 1-2: Ball 2-2: Ball 3-2: Foul Ball, location: 2F 3-2: Fly out, F8 (Line Drive, 8RD)
|
Bottom of the 7th over - 0 runs, 1 hit, 0 errors, 1 left on base; Chesapeake 4 - Minnesota 3 |
TOP OF THE 8TH |
Chesapeake Continentals batting - Pitching for Minnesota Loons : LHP Steve Tedder
|
Now in LF: Xuan-ling Chen
|
|
Batting: RHB Phil Oostermeer
|
0-0: Ball 1-0: Foul Ball, location: 2F 1-1: Ball 2-1: Foul Ball, location: 2F 2-2: Fly out, F9 (Line Drive, 9S)
|
Batting: RHB Mark Sawyer
|
0-0: Foul Ball, location: 2F 0-1: Foul Ball, location: 2F 0-2: Ball 1-2: Ball 2-2: Foul Ball, location: 2F 2-2: Foul Ball, location: 2F 2-2: SOLO HOME RUN (Flyball, 7LD), Distance : 342 ft
|
Pitching: RHP Ainanani Oliwa
|
|
Batting: RHB Santiago Valentín
|
0-0: Swinging Strike 0-1: Swinging Strike 0-2: Ball 1-2: Ball 2-2: Strikes out swinging
|
Batting: LHB Raphaël Duval
|
0-0: Ball 1-0: Called Strike 1-1: SINGLE (Line Drive, 89S)
|
Batting: RHB Manuel Ángel
|
0-0: Called Strike 0-1: Ball 1-1: Ball 2-1: 2-RUN HOME RUN (Flyball, 7LD), Distance : 331 ft
|
Pitching: RHP Martyn Drdio
|
|
Batting: RHB Jim MacRach
|
0-0: Ball 1-0: Ball 2-0: Foul Ball, location: 2F 2-1: Called Strike 2-2: Strikes out swinging
|
Top of the 8th over - 3 runs, 3 hits, 0 errors, 0 left on base; Chesapeake 7 - Minnesota 3 |
BOTTOM OF THE 8TH |
Minnesota Loons batting - Pitching for Chesapeake Continentals : RHP Kyung-nam Kim
|
Pitching: LHP Nicolas Michel
|
|
Batting: RHB Augusto Manuel
|
0-0: Ground out 5-3 (Groundball, 56)
|
Batting: RHB Jimmy Fick
|
0-0: Swinging Strike 0-1: Ball 1-1: Called Strike 1-2: Strikes out swinging
|
Batting: LHB Rim Hong-Do
|
0-0: Called Strike 0-1: DOUBLE (Line Drive, 78D)
|
Batting: RHB Ramón Yniguez
|
0-0: Ball 1-0: Ground out U3 (Groundball, 34)
|
Bottom of the 8th over - 0 runs, 1 hit, 0 errors, 1 left on base; Chesapeake 7 - Minnesota 3 |
TOP OF THE 9TH |
Chesapeake Continentals batting - Pitching for Minnesota Loons : RHP Martyn Drdio
|
Batting: RHB Júlio Costa
|
0-0: Ball 1-0: Ball 2-0: Ball 3-0: Base on Balls
|
Batting: RHB Shou-chien Luo
|
0-0: Bunt missed! 0-1: Bunted foul 0-2: Ball 1-2: Foul Ball, location: 2F 1-2: Ball 2-2: Foul Ball, location: 2F 2-2: Foul Ball, location: 2F 2-2: Ball 3-2: Fly out, F8 (Flyball, 8RM)
|
Batting: RHB Yohann Serres
|
0-0: Ball 1-0: Foul Ball, location: 2F 1-1: SINGLE (Line Drive, 6M) Júlio Costa to second
|
Batting: RHB Phil Oostermeer
|
0-0: Ball 1-0: Ball 2-0: Fly out, F8 (Flyball, 8LS)
|
Batting: RHB Mark Sawyer
|
0-0: Ball 1-0: Swinging Strike 1-1: Ball 2-1: Called Strike 2-2: SINGLE (Line Drive, 8LS) Júlio Costa to third Yohann Serres to second Runner from 3rd tries for Home, SAFE, throw made home
|
Batting: RHB Santiago Valentín
|
0-0: Called Strike 0-1: Foul Ball, location: 2F 0-2: Ball 1-2: Ball 2-2: Foul Ball, location: 2F 2-2: Ground out 4-3 (Groundball, 4)
|
Top of the 9th over - 1 run, 2 hits, 0 errors, 2 left on base; Chesapeake 8 - Minnesota 3 |
BOTTOM OF THE 9TH |
Minnesota Loons batting - Pitching for Chesapeake Continentals : LHP Nicolas Michel
|
Now at SS: Holden Nolan
|
|
Batting: LHB Atro Jarvilehto
|
0-0: Ball 1-0: Called Strike 1-1: Swinging Strike 1-2: Foul Ball, location: 2F 1-2: Ball 2-2: Ball 3-2: Foul Ball, location: 2F 3-2: SINGLE (Groundball, 34D)
|
Batting: RHB Dave Sosa
|
0-0: SINGLE (Line Drive, 6D) Atro Jarvilehto to second
|
Batting: RHB Tabor Muzquiz
|
0-0: SINGLE (Groundball, 34D) Atro Jarvilehto to third Dave Sosa to second
|
Pitching: LHP Cedric Zuercher
|
|
Batting: SHB Raúl Mateo
|
0-0: Called Strike 0-1: Foul Ball, location: 2F 0-2: Fly out, F9 (Flyball, 89M) Runner from 3rd tags up, SCORES, no throw
|
Batting: LHB Xuan-ling Chen
|
0-0: Ball 1-0: Foul Ball, location: 2F 1-1: Ball 2-1: Called Strike 2-2: Strikes out swinging
|
Batting: RHB Augusto Manuel
|
0-0: Called Strike 0-1: Ball 1-1: Ball 2-1: Ground out 3-1 (Groundball, 34S)
|
Bottom of the 9th over - 1 run, 3 hits, 0 errors, 2 left on base; Chesapeake 8 - Minnesota 4 |
|